 Dungeon Crawl Stone Soup version 0.29.0-13-gc9e81de378 (webtiles) character file.

Game seed: 322303372056709272

95 Artool the Cudgeller (level 4, 0/34 HPs)
             Began as a Demonspawn Gladiator on Sept 7, 2022.
             Succumbed to a scorpion's poison
             ... on level 4 of the Dungeon.
             The game lasted 00:04:42 (2455 turns).

Artool the Cudgeller (Demonspawn Gladiator)         Turns: 2455, Time: 00:04:42

Health: 0/34       AC:  4    Str: 16    XL:     4   Next: 39%
Magic:  4/4        EV: 28    Int:  7    God:
Gold:   96         SH:  0    Dex: 21    Spells: 3/3 levels left

rFire   + . .      SeeInvis .   A - +0 whip
rCold   . . .      Faith    .   (no shield)
rNeg    . . .      Spirit   .   t - +0 leather armour {rF+}
rPois   +          Reflect  .   c - +0 helmet
rElec   +          Harm     .   (no cloak)
rCorr   +          Rampage  .   (no gloves)
Will    .....                   (no boots)
Stlth   +.........              k - amulet of the Devil's Team {Acrobat rElec rPois Int-2 Stlth-}
HPRegen 0.11/turn               g - +6 ring of dexterity
MPRegen 0.09/turn               s - ring of resist corrosion

@: lethally poisoned (0 -> -6), acrobatic
A: ignite blood 2
a: no special abilities


You were on level 4 of the Dungeon.
You visited 1 branch of the dungeon, and saw 4 of its levels.

You collected 96 gold pieces.

Inventory:

Hand Weapons
 A - a +0 whip (weapon)
Missiles
 d - 3 throwing nets (quivered)
 e - 5 javelins
Armour
 c - a +0 helmet (worn)
 t - a +0 leather armour of fire resistance (worn)
Magical Staves
 a - a staff of cold
Jewellery
 g - a +6 ring of dexterity (left hand)
 i - a ring of wizardry
 k - the amulet of the Devil's Team (around neck) {Acrobat rElec rPois Int-2 Stlth-}
   (You found it on level 2 of the Dungeon)

   [amulet of the acrobat]

   It increases your evasion while moving and waiting.
   Int:       It affects your intelligence (-2).
   rElec:     It insulates you from electricity.
   rPois:     It protects you from poison.
   Stlth:     It makes you less stealthy.
 s - a ring of resist corrosion (right hand)
Wands
 o - a wand of digging (3)
Scrolls
 f - 3 scrolls of butterflies {unknown}
 h - 2 scrolls of teleportation {unknown}
 l - a scroll of enchant weapon {unknown}
 n - a scroll of fear {unknown}
 p - a scroll of brand weapon {unknown}
 q - a scroll of vulnerability {unknown}
 u - a scroll of enchant armour {unknown}
 y - a scroll of poison {unknown}
Potions
 j - a potion of mutation {unknown}
 r - a potion of lignification {unknown}
 v - a potion of flight {unknown}
 x - a potion of brilliance {unknown}


   Skills:
 + Level 2.8 Fighting
 + Level 3.3 Maces & Flails
 - Level 2.0 Throwing
 + Level 1.5 Armour
 + Level 3.2 Dodging


You had 3 spell levels left.
You didn't know any spells.
Your spell library contained the following spells:

 Spells                   Type           Power      Damage    Failure   Level
 Beastly Appendage        Tmut           0%         N/A       50%         1
 Freeze                   Ice            0%         1d3       50%         1
 Static Discharge         Conj/Air       0%         3-3/arc   65%         2
 Sublimation of Blood     Necr           0%         N/A       65%         2
 Wereblood                Tmut           0%         N/A       65%         2
 Frozen Ramparts          Ice            0%         1d1       86%         3
 Spider Form              Tmut/Pois      0%         N/A       86%         3
 Hailstorm                Conj/Ice       0%         3d3       99%         4
 Petrify                  Tmut/Erth      0%         N/A       99%         4
 Irradiate                Conj/Tmut      0%         3d11      100%        5
 Lightning Bolt           Conj/Air       0%         1d11      100%        5
 Maxwell's Capacitive Co  Air            0%         ∞         100%        8


Dungeon Overview and Level Annotations

Branches:
Dungeon (4/15)
 Temple: D:4-7

Altars:
Okawaru


Innate Abilities, Weirdness & Mutations

Your demonic aura often causes spilled blood to erupt in flames.


Message History

You kill the orc!
No target in view!
No target in view!
HP restored.
You see here a +0 short sword.
You pick up a book of Changes and begin reading...
You add the spells Beastly Appendage, Wereblood and Spider Form to your library.
No target in view!
A scorpion, a dart slug and an orc come into view.
Found a runed hand axe.
The orc shouts!
There are monsters nearby!
You hit the dart slug.
The dart slug is heavily wounded.
The dart slug bites you but does no damage.
You hit the dart slug.
The dart slug is severely wounded.
You hit the dart slug.
You kill the dart slug!
You closely miss the scorpion. The scorpion stings you.
You hit the scorpion but do no damage. The scorpion closely misses you.
You hit the scorpion but do no damage. The scorpion closely misses you.
The orc barely misses you.
You hit the scorpion but do no damage. The scorpion stings you!
The orc hits you with a +0 hand axe.
You closely miss the scorpion. The scorpion stings you!
You are poisoned.
The scorpion poisons you! The orc barely misses you.
You are too injured to fight recklessly!
You are too injured to fight recklessly!
You are too injured to fight recklessly!
You are too injured to fight recklessly!
The scorpion attacks as you move away! The scorpion stings you.
* * * LOW HITPOINT WARNING * * *
x2 You feel very sick.
The orc hits you with a +0 hand axe.
* * * LOW HITPOINT WARNING * * *
* * * LOW HITPOINT WARNING * * *
You feel sick.
You die...

#.# #.# #..##.# ##.##
#)...#.# ##...####......#
##.###.##.......# #####.##
##.#.......# #.....#
#.#.......# .#####.###.##
##.##s.....# ............#
#.@.☼o.....##
######.####.....###○.......
#)# #.###. #.####### #.# .#
#. #.# #.# .# #. #.#
#.####..... ... #.<........
### ###########


You could see a scorpion and an orc.

Vanquished Creatures
  3 gnolls (D:3)
  3 dart slugs
  An orc (D:4)
  4 ball pythons
  9 bats
  5 endoplasms
  6 giant cockroaches
  2 goblins
  5 hobgoblins
  6 jackals
  3 kobolds
  A quokka (D:1)
  2 frilled lizards (D:1)
  5 rats
55 creatures vanquished.

Notes
Turn   | Place    | Note
-------+----------+-------------------------------------------
     0 | D:1      | Artool the Demonspawn Gladiator began the quest for the
                  | Orb.
     0 | D:1      | Reached XP level 1. HP: 16/16 MP: 1/1
   220 | D:1      | Gained mutation: Your demonic aura sometimes causes spilled
                  | blood to erupt in flames. [demonic ancestry]
   220 | D:1      | Reached XP level 2. HP: 16/22 MP: 2/2
   636 | D:1      | Found a faded altar of an unknown god.
   758 | D:1      | Gained mutation: Your demonic aura often causes spilled
                  | blood to erupt in flames. [demonic ancestry]
   758 | D:1      | Reached XP level 3. HP: 28/28 MP: 3/3
  1043 | D:2      | Reached skill level 1 in Armour
  1140 | D:2      | Identified the amulet of the Devil's Team {Acrobat rElec
                  | rPois Int-2 Stlth-}
  2083 | D:3      | Found an iron altar of Okawaru.
  2096 | D:3      | Reached XP level 4. HP: 24/34 MP: 4/4
  2443 | D:4      | Noticed a scorpion
  2454 | D:4      | HP: 1/34 [poisoned by a scorpion]
  2455 | D:4      | Succumbed to a scorpion's poison

Illustrated notes

Levels and vault maps discovered:
D:1:      matt_arrival_grand_opening, layout_basic,
          chequers_ecumenical_altar_island
D:2:      layout_loops_ring, roderic_lattice_a, kennysheep_donut
D:3:      layout_basic, okawaru_metal_pillars_1_2
D:4:      layout_loops_ring, minmay_gold_behind_fungi

Skill      XL: |  1  2  3 |
---------------+----------+-----
Throwing       | 2 |  2.0
Dodging        | 3 |  3.2
Maces & Flails | 3 |  3.3
Armour         | 1 |  1.5
Fighting       | |  2.8

Action                   |  1- 3 |  4- 6 || total
-------------------------+-------+-------++-------
Melee: Flail             |   117 |     6 ||   123
       Punch             |     2 |       ||     2
       Whip              |       |    16 ||    16
 Stab: Sleeping          |     5 |       ||     5
Armor: Leather armour    |    49 |     4 ||    53
       Skin              |     2 |       ||     2
Dodge: Dodged            |    99 |    11 ||   110
